 Dungeon Sprint DCSS version 0.21.1-1-g345015f (webtiles) character file.

1100000 joklet the Impregnable (level 13, -25/91 HPs)
             Began as a Gargoyle Wanderer on Mar 12, 2018.
             Was a Follower of Makhleb.
             Annihilated by a bag of meat
             ... wielding a +9 war axe
              (27 damage)
             ... in the Dungeon (Sprint VIII: "Arena of Blood").
             The game lasted 00:00:37 (11 turns).

joklet the Impregnable (Gargoyle Wanderer)            Turns: 11, Time: 00:00:37

Health: -25/91     AC: 13    Str: 17    XL:     13   Next: 24%
Magic:  13/13      EV: 11    Int: 12    God:    Makhleb [*.....]
Gold:   0          SH:  0    Dex: 14    Spells: 12/12 levels left

rFire    . . .     SeeInvis .   m - +∞ Axe of Woe
rCold    . . .     Gourm    .   (shield currently unavailable)
rNeg     + . .     Faith    .   e - +0 robe
rPois    ∞         Spirit   .   (no helmet)
rElec    +         Reflect  .   (no cloak)
rCorr    .         Harm     .   (no gloves)
MR       .....     NoTele   +   (no boots)
Stlth    +.........             (no amulet)
HPRegen  0.25/turn              (no ring)
MPRegen  0.13/turn              (no ring)

@: no status effects
A: negative energy resistance 1, electricity resistance, unbreathing,
petrification resistance, rot immunity, AC +9
a: Renounce Religion


You were in the Dungeon.
You worshipped Makhleb.
Makhleb was aware of your devotion.
You were not hungry.

You visited 1 branch

Inventory:

Hand Weapons
 b - a +0 hand crossbow
 d - a +0 spear
 m - the +∞ Axe of Woe (weapon)
   (You found it in the Dungeon)
Missiles
 c - 25 bolts
Armour
 e - a +0 robe (worn)
Scrolls
 l - a scroll of blinking
Potions
 g - a potion of curing
 h - a potion of heal wounds
 i - a potion of haste
 j - 2 potions of magic
 k - a potion of berserk rage
Books
 a - a book of Air

   Spells                             Type                      Level
   a - Shock                          Conjuration/Air              1
   b - Swiftness                      Charms/Air                   2
   c - Static Discharge               Conjuration/Air              3
   d - Airstrike                      Air                          4
   e - Lightning Bolt                 Conjuration/Air              5
Comestibles
 f - a ration


   Skills:
 - Level 14.3 Fighting
 * Level 16.5 Axes
 - Level 3.9 Throwing
 - Level 24.7 Armour
   Level 2.4 Air Magic
   Level 1.0 Evocations


You had 12 spell levels left.
You didn't know any spells.

Dungeon Overview and Level Annotations

Branches:
Dungeon (1/1)

Altars:
Makhleb


Innate Abilities, Weirdness & Mutations

You are resistant to torment.
Your stone body is resilient. (AC +9)
You are immune to poison.
You resist negative energy. (rN+)
You are resistant to electric shocks. (rElec)
You can survive without breathing.
You are immune to petrification.
You are immune to rotting.


Message History

The bag of meat appears out of thin air!
A bag of meat comes into view. It is wielding a +9 war axe.
A meat berserker comes into view. It is wielding a +9 battleaxe.
The bag of meat shouts!
You hit the bag of meat but do no damage.
You dissect the bag of meat like a pig carcass.
You kill the bag of meat!
Makhleb accepts your kill.
You can now gain health from killing.
Your Axes skill gained 12 levels and is now at level 16!
You have reached level 13!
You hear a shout! x4
The meat berserker rages.
The meat berserker hits you with a +9 battleaxe!!
You hear a shout! x4
The meat berserker hits you with a +9 battleaxe!!!
Ouch! That really hurt!
* * * LOW HITPOINT WARNING * * *
You hear a shout!
The bag of meat hits you with a +9 war axe!!
You die...

.......... .
......... ..
o........ ...
#.......# .#..
#.......#
.....###.......###.
..........###......
#..ooO@)._.O....
#.....)o#.....#..
........#_.<._#
#......o#.....#
..#........_......
.........o###......
.....###... ..###.
..... #... ..# #...
.#


You could see 2 meat berserkers and 6 bags of meat.

Vanquished Creatures
  2 orcs (D)
2 creatures vanquished.

Notes
Turn   | Place    | Note
-------+----------+-------------------------------------------
     0 | D        | Found the +∞ Axe of Woe
     0 | D        | joklet the Gargoyle Wanderer began the quest for the Orb.
     0 | D        | joklet set off with: a book of Air, a +0 hand crossbow, 25 bolts, a +0 spear, a +0 robe, a ration, a potion of curing, a potion of heal wounds, a potion of haste, 2 potions of magic, a potion of berserk rage, a scroll of blinking
     0 | D        | Reached XP level 1. HP: 12/12 MP: 1/1
     3 | D        | Noticed a bag of meat
     4 | D        | Became a worshipper of Makhleb the Destroyer
     5 | D        | Noticed a bag of meat
     7 | D        | Noticed a bag of meat
     8 | D        | Noticed a bag of meat
     8 | D        | Noticed a bag of meat
     8 | D        | Noticed a meat berserker
     9 | D        | Killed a bag of meat
     9 | D        | Reached skill level 24 in Armour
     9 | D        | Reached XP level 2. HP: 34/34 MP: 2/2
     9 | D        | Reached XP level 3. HP: 39/39 MP: 3/3
     9 | D        | Reached XP level 4. HP: 44/44 MP: 4/4
     9 | D        | Reached XP level 5. HP: 49/49 MP: 5/5
     9 | D        | Reached XP level 6. HP: 55/55 MP: 6/6
     9 | D        | Reached XP level 7. HP: 60/60 MP: 7/7
     9 | D        | Reached XP level 8. HP: 65/65 MP: 8/8
     9 | D        | Reached XP level 9. HP: 70/70 MP: 9/9
     9 | D        | Reached XP level 10. HP: 76/76 MP: 10/10
     9 | D        | Reached XP level 11. HP: 80/80 MP: 11/11
     9 | D        | Reached XP level 12. HP: 86/86 MP: 12/12
    10 | D        | Noticed a bag of meat
    10 | D        | Noticed a bag of meat
    11 | D        | Noticed a meat berserker
    11 | D        | Noticed a bag of meat
    11 | D        | Noticed a bag of meat
    11 | D        | Killed a bag of meat
    11 | D        | Reached * piety under Makhleb
    11 | D        | Reached XP level 13. HP: 91/91 MP: 13/13
    11 | D        | HP: 2/91 [meat berserker/+9 battleaxe (64)]
    11 | D        | Annihilated by a bag of meat

Skill      XL: |  1  2  3  4  5  6  7  8  9 10 11 12 |
---------------+-------------------------------------+-----
Fighting       | 14 | 14.3
Axes           | 4 16 | 16.5
Throwing       | 3 |  3.9
Armour         | 24 | 24.7
Air Magic      | |  2.4
Evocations     | |  1.0

Action                   |  1- 3 |  4- 6 |  7- 9 | 10-12 | 13-15 || total
-------------------------+-------+-------+-------+-------+-------++-------
Melee: Executioner's axe |     1 |       |       |     1 |       ||     2
